 Dungeon Crawl Stone Soup version 0.27-a0-1565-gad902ab807 (webtiles) character file.

Game seed: 5154351122610662120

60 flotson the Sneak (level 3, -4/29 HPs)
             Began as a Demonspawn Delver on July 16, 2021.
             Killed from afar by Sigmund (8 damage)
             ... with a puff of flame
             ... on level 2 of the Dungeon.
             The game lasted 00:11:21 (1548 turns).

flotson the Sneak (Demonspawn Delver)               Turns: 1548, Time: 00:11:23

Health: -4/29      AC:  9    Str: 13    XL:     3   Next: 80%
Magic:  3/3        EV: 12    Int: 11    God:
Gold:   78         SH:  0    Dex: 14    Spells: 2/2 levels left

rFire    . . .     SeeInvis .   a - +0 hand axe
rCold    . . .     Faith    .   (no shield)
rNeg     . . .     Spirit   .   p - +3 leather armour
rPois    .         Reflect  .   o - +0 helmet
rElec    .         Harm     .   (no cloak)
rCorr    .         Rampage  .   (no gloves)
Will     .....                  (no boots)
Stlth    +++.......             (no amulet)
HPRegen  0.09/turn              (no ring)
MPRegen  0.08/turn              (no ring)

@: no status effects
A: icy blue scales 1, deterioration 1, MP-powered wands
a: no special abilities


You were on level 2 of the Dungeon.
You visited 1 branch of the dungeon, and saw 4 of its levels.
You also visited: Sewer.

You collected 78 gold pieces.

Inventory:

Hand Weapons
 a - a +0 hand axe (weapon)
Missiles
 m - 5 javelins
 n - 16 poisoned darts (quivered)
Armour
 o - a +0 helmet (worn)
 p - a +3 leather armour (worn)
Wands
 g - a wand of digging (3)
Scrolls
 b - a scroll of amnesia {unknown}
 c - a scroll of fog
 e - a scroll of fear
 h - a scroll of vulnerability {unknown}
 k - a scroll of summoning {unknown}
 l - a scroll of enchant weapon {unknown}
Potions
 j - a potion of heal wounds {unknown}


   Skills:
 + Level 3.3 Fighting
 + Level 2.1 Axes
 + Level 0.8 Throwing
 + Level 1.0 Armour
 + Level 2.2 Dodging
 + Level 4.7 Stealth
 + Level 1.1 Evocations


You had 2 spell levels left.
You didn't know any spells.
Your spell library contained the following spells:

 Spells                   Type           Power      Damage    Failure   Level
 Corona                   Hex            0%         N/A       41%         1
 Ensorcelled Hibernation  Hex/Ice        0%         N/A       56%         2
 Tukima's Dance           Hex            0%         N/A       80%         3


Dungeon Overview and Level Annotations

Branches:
Dungeon (5/15)             Temple (0/1) D:4           Sewer (visited)

Altars:

Annotations:
D:2 Sigmund


Innate Abilities, Weirdness & Mutations

You are partially covered in icy blue scales. (AC +2)
Your body sometimes deteriorates upon taking damage.
You expend magic power (3 MP) to strengthen your wands.


Message History

Something hits you.
The frilled lizard bites you but does no damage.
You miss the frilled lizard. x2; You miss something.
The frilled lizard barely misses you. Something hits you but does no damage.
The frilled lizard bites you.
You're too confused to move!
The frilled lizard bites you but does no damage.
Something barely misses you.
The frilled lizard bites you but does no damage.
You closely miss the frilled lizard. x2; You closely miss something.
Something hits you but does no damage.
The frilled lizard bites you but does no damage.
The frilled lizard closely misses you. Something hits you but does no damage.
The frilled lizard barely misses you. The frilled lizard closely misses you.
Something hits you but does no damage.
Okay, then.
You miss something. You hit the frilled lizard.
You closely miss the frilled lizard.
You feel less confused. The frilled lizard bites you. Something hits you.
The frilled lizard barely misses you. The frilled lizard closely misses you.
You hit the frilled lizard.
You kill the frilled lizard!
You hit something. You barely miss the frilled lizard. Something hits you.
The frilled lizard bites you.
You hit the frilled lizard.
You kill the frilled lizard!
You barely miss something. Something hits you but does no damage.
Something barely misses you.
Things that are here:
a +0 dagger; 3 stones; a frilled lizard corpse Something hits you!
* * * LOW HITPOINT WARNING * * *
It was a potion of mutation.
You feel extremely strange.
You feel yourself wasting away.
You feel your magical essence link to the dungeon's wands.
You hear some strange, mumbled words.
A puff of flame appears from out of thin air!
The puff of flame hits you!
You die...

... ...# ##.##
#.##..# #...#
..#..##.#.#.# ......
#...# #..# ##.##
#######>.#####.#
...##..............#
#......)†{...#######
#..##.#@###..# # #.#
#[.# ... ...#
.#####.## #. #?. #
###


There were no monsters in sight!

Vanquished Creatures
  An orc wizard (D:3)
  2 dart slugs
  3 orcs (D:3)
  6 ball pythons
  An endoplasm (D:4)
  A giant cockroach (D:2)
  3 goblins
  4 kobolds
  A quokka (D:3)
  6 frilled lizards
  A rat (D:3)
29 creatures vanquished.

Vanquished Creatures (others)
  A fungus (D:4)
1 creature vanquished.

Grand Total: 30 creatures vanquished

Notes
Turn   | Place    | Note
-------+----------+-------------------------------------------
     0 | D:5      | flotson the Demonspawn Delver began the quest for the Orb.
     0 | D:5      | Reached XP level 1. HP: 18/18 MP: 1/1
    64 | D:5      | Noticed a sky beast
   130 | D:4      | Found a glowing drain.
   135 | Sewer    | Entered a sewer
   361 | Sewer    | Gained mutation: You are partially covered in icy blue
                  | scales. (AC +2) [demonic ancestry]
   361 | Sewer    | Reached XP level 2. HP: 24/24 MP: 2/2
   395 | Sewer    | Noticed Purgy
   986 | D:3      | Reached skill level 1 in Evocations
   986 | D:3      | Reached XP level 3. HP: 11/29 MP: 3/3
   989 | D:3      | Reached skill level 1 in Armour
  1364 | D:2      | Noticed Sigmund
  1548 | D:2      | Gained mutation: Your body sometimes deteriorates upon
                  | taking damage. [potion of mutation]
  1548 | D:2      | Gained mutation: You expend magic power (3 MP) to
                  | strengthen your wands. [potion of mutation]
  1548 | D:2      | Killed from afar by Sigmund

Illustrated notes

Levels and vault maps discovered:
D:2:      layout_loops_ring, serial_shops, shop, uniq_sigmund
D:3:      layout_loops_ring, fiery_altar_vehumet, general_overflow_altar,
          minmay_hedge_maze
D:4:      layout_basic, temple_doors_cd, serial_aquarium,
          aquarium_bridge_straight [aquarium_subvault_bridge,
          aquarium_subvault_wall, aquarium_subvault_bridge,
          aquarium_subvault_wall], aquarium_window_1, aquarium_window_fake,
          aquarium_window_3, aquarium_view_2e, aquarium_view_2d,
          aquarium_pool_S, portal_sewer_entry_e, serial_shops, shop,
          uniq_eustachio
D:5:      layout_basic

Skill      XL: |  1  2  3 |
---------------+----------+-----
Dodging        | 2 |  2.2
Axes           | 2 |  2.1
Evocations     | 1 |  1.1
Armour         | 1 |  1.0
Fighting       | |  3.3
Throwing       | |  0.8
Stealth        | |  4.7

Action                   || total
-------------------------++-------
Melee: Hand axe          ||    86
Throw: Dart              ||     6
       Javelin           ||     1
  Use: Scroll            ||     1
       Potion            ||     4
 Stab: Sleeping          ||     4
Armor: Leather armour    ||    36
Dodge: Dodged            ||    67

Table legend: (Time is in decaauts)
 A = Elapsed time spent in this place.
 B = Non-inter-level travel time spent in this place.
 C = Inter-level travel time spent in this place.
 D = Time resting spent in this place.
 E = Time spent auto-exploring this place.
 F = Levels seen in this place.
 G = Mean time per level.
                   A        B        C        D        E       F      G
               +--------+--------+--------+--------+--------+-----+--------+
         Total |   1563 |   1507 |     56 |      2 |    977 |   5 |  312.6 |
       Dungeon |   1255 |   1199 |     56 |      2 |    769 |   4 |  313.8 |
         Sewer |    307 |    307 |      0 |      0 |    208 |   1 |  307.0 |
               +--------+--------+--------+--------+--------+-----+--------+

Top non-repeatable levels by time:
     D:3: 910 daAuts
   Sewer: 307 daAuts
     D:2: 134 daAuts
     D:4: 127 daAuts
     D:5: 83 daAuts
